cohdb
Replays
Latest Replays
All Replays
Popular Replays
Top Player Replays
Match Explorer
How It Works
Community
CoH3 Stats
Reddit
Sign in to upload your games and track your stats! →
Sign in with Steam
Match 42451253
Unlisted
Match 42451253
Overview
Messages
Build Orders
End
Construct Weapon Support Center
Selects Special Operations Battlegroup
Selects M29 Weasel Recon Vehicle
M1919 Machine Gun Team
M29 Weasel Recon Vehicle
Bazooka Squad
M1919 Machine Gun Team
Infantry Support Center
Engineer Squad
Construct Barracks
Grenade Package
M1918 Browning Automatic Rifles
Engineer Squad
M1 Mortar Team
AI Takeover
Euph0ria
Skylight
流向你的河
只因未来
Ecompany1942
一一ㄙ
Moltke1871
RadarContact
0
0
Comments
sign in to comment!
No comments posted yet!